 Dungeon Crawl Stone Soup version 0.27.0-1-g7a089689b8 (webtiles) character file.

Game seed: 5544489626229549767

4716 gimp the Severer (level 10, -9/79 HPs)
             Began as a Barachi Chaos Knight on Aug 3, 2021.
             Was a Plaything of Xom.
             Mangled by a shadow (23 damage)
             ... on level 9 of the Dungeon.
             The game lasted 00:15:37 (7005 turns).

gimp the Severer (Barachi Chaos Knight)             Turns: 7005, Time: 00:15:38

Health: -9/79      AC: 12    Str: 20    XL:     10   Next: 45%
Magic:  10/10      EV:  6    Int: 12    God:    Xom [.*....]
Gold:   339        SH:  0    Dex: 15    Spells: 9/9 levels left

rFire    . . .     SeeInvis .   a - +0 hand axe
rCold    + . .     Faith    .   (no shield)
rNeg     . . .     Spirit   .   w - +0 plate armour
rPois    .         Reflect  .   (no helmet)
rElec    .         Harm     .   y - +0 cloak
rCorr    .         Rampage  .   (no gloves)
Will     .....                  (no boots)
Stlth    ..........             (no amulet)
HPRegen  0.23/turn              u - ring of protection from cold
MPRegen  0.12/turn              (no ring)

@: slow
A: amphibious, slowness 1, strong legs 1, +LOS, agile 2, strong 1
a: Hop, Renounce Religion


You were on level 9 of the Dungeon.
You worshipped Xom.
You were a plaything of Xom.
You visited 1 branch of the dungeon, and saw 9 of its levels.

You collected 339 gold pieces.

Inventory:

Hand Weapons
 a - a +0 hand axe (weapon)
 b - a +0 hand axe of chaos
 E - a +4 scimitar of flaming
Missiles
 d - 4 silver javelins
 i - 60 poisoned darts (quivered)
Armour
 w - a +0 plate armour (worn)
 y - a +0 cloak (worn)
Jewellery
 u - a ring of protection from cold (left hand)
Wands
 r - a wand of flame (4)
 z - a wand of polymorph (7)
 C - a wand of paralysis (5)
Scrolls
 e - a scroll of magic mapping {unknown}
 f - a scroll of blinking {unknown}
 g - 2 scrolls of fog {unknown}
 h - 13 scrolls of identify {unknown}
 m - 3 scrolls of amnesia {unknown}
 n - a scroll of immolation {unknown}
 p - a scroll of summoning {unknown}
 q - 8 scrolls of teleportation {unknown}
 A - a scroll of acquirement {unknown}
 B - 2 scrolls of vulnerability {unknown}
 D - a scroll of enchant weapon {unknown}
Potions
 j - a potion of curing
 k - 2 potions of lignification
 l - a potion of resistance
 o - a potion of magic {unknown}
 s - a potion of berserk rage
 t - 2 potions of attraction {unknown}
 v - a potion of heal wounds {unknown}
 x - a potion of flight {unknown}


   Skills:
 - Level 7.0 Fighting
 * Level 15.0 Axes
 - Level 2.4 Armour
 - Level 1.1 Dodging


You had 9 spell levels left.
You didn't know any spells.
Your spell library was empty.

Dungeon Overview and Level Annotations

Branches:
Dungeon (9/15)             Temple (0/1) D:4            Lair (0/6) D:8
    Orc (0/2) D:9

Altars:
Dithmenos
Hepliaklqana
Nemelex Xobeh
Ru
Sif Muna
Xom

Shops:
D:4 *   D:6 (

Annotations:
D:7 1 runed translucent door, Crazy Yiuf


Innate Abilities, Weirdness & Mutations

You are amphibious.
You cover ground slowly.
You can hop short distances.
You have an extended range of vision and can be seen from far away.
You are very agile. (Dex +4)
Your muscles are strong. (Str +2)


Message History

You hit the shadow but do no damage.
The shadow is heavily damaged.
You closely miss something. The shadow hits you.
You swap places.
The shadow strikes at your butterfly from the darkness!
Your butterfly dies!
Your plate armour prevents you from hitting the shadow.
The shadow is heavily damaged.
The shadow hits you.
You hit the shadow but do no damage.
The shadow is heavily damaged.
The shadow hits you.
A goblin skeleton comes into view.
You hit the shadow.
The shadow is severely damaged.
You barely miss the shadow.
The shadow is severely damaged.
The shadow hits you.
You take 1 damage, and have 40/79 hp.
You closely miss the shadow.
The shadow is severely damaged.
The goblin skeleton completely misses you.
The shadow hits you!
You take 8 damage, and have 32/79 hp.
The shadow completely misses your butterfly.
The goblin skeleton misses your butterfly.
The shadow slips into darkness.
The shadow flickers and vanishes!
Your butterfly dies!
The shadow strikes at you from the darkness!
* * * LOW HITPOINT WARNING * * *
Reactivating autopickup.
You take 20 damage, and have 14/79 hp.
MASSIVE DAMAGE!!
There is a stone staircase leading up here.
Okay, then.
The shadow slips into darkness.
The shadow flickers and vanishes!
Deactivating autopickup; reactivate with Ctrl-A.
The shadow strikes at you from the darkness!
You die...

####...#...#..Z.#
Z.....#
#..>...#....{##.#
.#..#.#
#.........W#####.#
##....#
##...........# ##
#Z># #............#
#... #............##
..#
####.............# ..
....#.........#.{#
................@#
.................#
............(....#
..<........))....#
............)....#
.................#
.................#
.....=...............
.....................


You could see a phantom.

Vanquished Creatures
  Harold (D:8)
  An elephant (D:7)
  A yaktaur (D:8)
  A hornet (D:8)
  2 wyverns (D:7)
  2 yaks (D:7)
  A water moccasin (D:5)
  A black bear (D:8)
  A sky beast (D:7)
  An orc warrior (D:7)
  5 ogres (D:5)
  A necrophage (D:4)
  2 kobold brigands
  A scorpion (D:6)
  A gnoll sergeant (D:8)
  7 electric eels (D:7)
  A howler monkey (D:6)
  A crimson imp (D:4)
  A bullfrog zombie (D:6)
  2 centaur zombies
  A hound (D:4)
  2 jellies
  Jessica (D:2)
  A centaur skeleton (D:7)
  4 iguanas
  6 orc wizards
  2 killer bee zombies
  5 gnolls
  6 adders
  A howler monkey skeleton (D:7)
  3 white imps
  2 ufetubi
  A worm (D:5)
  4 dart slugs
  21 orcs
  6 bats
  11 endoplasms
  7 giant cockroaches
  5 goblins
  7 hobgoblins
  3 jackals (D:2)
  3 quokkas
  8 ball pythons
  A frilled lizard (D:2)
  3 goblin skeletons (D:9)
  11 kobolds
  4 rats
163 creatures vanquished.

Vanquished Creatures (collateral kills)
  Pikel (D:5)
  A basilisk (D:8)
  2 lemures (D:5)
  A bullfrog zombie (D:6)
  2 orc wizards (D:8)
  An ogre zombie (D:9)
  A worm (D:5)
  An orc (D:8)
10 creatures vanquished.

Vanquished Creatures (others)
  A dancing weapon (D:8)
  2 yaks (D:7)
  4 fungi (D:7)
  14 plants
21 creatures vanquished.

Grand Total: 194 creatures vanquished

Notes
Turn   | Place    | Note
-------+----------+-------------------------------------------
     0 | D:1      | gimp the Barachi Chaos Knight began the quest for the Orb.
     0 | D:1      | Reached XP level 1. HP: 18/18 MP: 1/1
   151 | D:1      | Reached XP level 2. HP: 25/25 MP: 2/2
   225 | D:1      | XOM: divination: magic mapping
   235 | D:1      | XOM: confuse monster(s)
   380 | D:1      | Reached skill level 4 in Axes
   434 | D:1      | Reached XP level 3. HP: 30/30 MP: 3/3
   656 | D:1      | XOM: silly message
   790 | D:1      | XOM: 8-stop teleportation journey
   911 | D:2      | XOM: god gift: 19 sling bullets
  1334 | D:2      | Noticed Jessica
  1338 | D:2      | Killed Jessica
  1339 | D:2      | Reached XP level 4. HP: 30/38 MP: 4/4
  1628 | D:2      | XOM: give mutations
  1628 | D:2      | Gained mutation: Your natural rate of healing is unusually
                  | fast. [Xom's grace]
  1628 | D:2      | Gained mutation: Your muscles are strong. (Str +2) [Xom's
                  | grace]
  1628 | D:2      | Gained mutation: You are partially covered in iridescent
                  | scales. (AC +2) [Xom's grace]
  1628 | D:2      | Gained mutation: You are agile. (Dex +2) [Xom's grace]
  1749 | D:2      | XOM: divination: magic mapping
  1873 | D:2      | Reached skill level 5 in Axes
  1937 | D:2      | XOM: cloud trail
  2192 | D:3      | XOM: confuse monster(s)
  2293 | D:3      | XOM: smoke on damage
  2295 | D:3      | Reached XP level 5. HP: 32/43 MP: 5/5
  2302 | D:3      | Reached skill level 5 in Fighting
  2366 | D:4      | Reached skill level 6 in Axes
  2405 | D:4      | XOM: fog
  2448 | D:4      | XOM: scenery: 1 doors open
  2457 | D:4      | XOM: divination: detect creatures
  2465 | D:4      | XOM: noise
  2470 | D:4      | XOM: potion effect (might)
  2477 | D:4      | Reached XP level 6. HP: 51/51 MP: 6/6
  2507 | D:4      | Found a staircase to the Ecumenical Temple.
  2566 | D:4      | Identified the +3 whip of Crystal {freeze, Contam rPois
                  | Will++ Str+4}
  2594 | D:4      | Found Rofrus's Assorted Antiques.
  2605 | D:4      | Noticed a necrophage
  2621 | D:4      | Killed a necrophage
  2661 | D:4      | Found a shimmering blue altar of Sif Muna.
  2998 | D:4      | Found a sparkling altar of Nemelex Xobeh.
  3133 | D:5      | Entered Level 5 of the Dungeon
  3162 | D:5      | Reached skill level 7 in Axes
  3162 | D:5      | Reached XP level 7. HP: 32/58 MP: 7/7
  3242 | D:5      | Noticed Pikel
  3243 | D:5      | XOM: divination: magic mapping
  3245 | D:5      | XOM: potion effect (invisibility)
  3247 | D:5      | XOM: enchant monster (good)
  3254 | D:5      | XOM: cast spell 'Discord'
  3262 | D:5      | Killed Pikel
  3263 | D:5      | Reached skill level 8 in Axes
  3263 | D:5      | Reached XP level 8. HP: 41/67 MP: 8/8
  3319 | D:5      | XOM: divination: detect items
  3338 | D:5      | Reached skill level 9 in Axes
  3468 | D:5      | XOM: noise
  3515 | D:5      | Found a shadowy altar of Dithmenos.
  3569 | D:5      | XOM: divination: detect creatures
  3750 | D:5      | Found a sacrificial altar of Ru.
  3770 | D:5      | XOM: scenery: summon butterflies
  3791 | D:5      | Reached skill level 10 in Axes
  4031 | D:6      | XOM: stealth player
  4143 | D:6      | Found a hazy altar of Hepliaklqana.
  4252 | D:6      | XOM: enchant monster (good)
  4409 | D:6      | Reached skill level 11 in Axes
  4447 | D:6      | XOM: summons 2 friendly demons
  4485 | D:6      | Found Ymmalor's Weapon Boutique.
  4509 | D:6      | Reached XP level 9. HP: 72/72 MP: 9/9
  4528 | D:6      | XOM: 3-stop teleportation journey
  4696 | D:7      | XOM: divination: magic mapping
  4832 | D:7      | Reached skill level 12 in Axes
  4968 | D:7      | Found a runed translucent door.
  4969 | D:7      | Noticed Crazy Yiuf
  5050 | D:7      | XOM: noise
  5498 | D:8      | Found a staircase to the Lair.
  5498 | D:8      | Noticed an elephant
  5515 | D:8      | XOM: cleaving
  5572 | D:8      | Noticed Harold
  5584 | D:7      | XOM: chaos cloud
  5597 | D:7      | XOM: swap monsters
  5612 | D:7      | Reached skill level 13 in Axes
  5640 | D:7      | XOM: confusion
  5645 | D:7      | XOM: polymorph bullfrog -> wyvern
  5647 | D:7      | XOM: summons 3 hostile shadow creatures
  5652 | D:7      | XOM: smoke on damage
  5659 | D:7      | XOM: cleaving
  5718 | D:7      | XOM: confusion (+ monsters)
  5722 | D:7      | XOM: divine lightning
  5822 | D:8      | XOM: repel stairs
  5872 | D:8      | Killed Harold
  5873 | D:8      | Reached skill level 14 in Axes
  5873 | D:8      | Reached XP level 10. HP: 43/79 MP: 10/10
  5896 | D:7      | XOM: potion effect (curing)
  5916 | D:7      | XOM: scenery: create altars
  5919 | D:7      | XOM: cleaving
  5932 | D:7      | Killed an elephant
  6006 | D:8      | XOM: summons friendly orange demon
  6156 | D:8      | XOM: 1-stop teleportation journey
  6164 | D:8      | XOM: god gift: 24 gold pieces
  6207 | D:8      | XOM: 2-stop teleportation journey
  6376 | D:8      | Noticed Erica
  6389 | D:8      | XOM: silly message
  6393 | D:8      | XOM: smoke on damage
  6401 | D:8      | XOM: swap monsters
  6405 | D:8      | Noticed Erica
  6405 | D:8      | Erica changed into Erica the yaktaur
  6405 | D:8      | XOM: polymorph Erica -> Erica the yaktaur
  6412 | D:8      | Killed Erica the yaktaur
  6639 | D:8      | XOM: give mutations
  6639 | D:8      | Gained mutation: You are very agile. (Dex +4) [Xom's
                  | mischief]
  6639 | D:8      | Lost mutation: You are partially covered in iridescent
                  | scales. (AC +2) [Xom's mischief]
  6639 | D:8      | Lost mutation: Your natural rate of healing is unusually
                  | fast. [Xom's mischief]
  6847 | D:9      | XOM: repel stairs
  6865 | D:9      | Reached skill level 15 in Axes
  6966 | D:9      | Found a staircase to the Orcish Mines.
  6975 | D:9      | XOM: scenery: summon butterflies
  6976 | D:9      | XOM: polymorph butterfly -> killer bee
  7005 | D:9      | Mangled by a shadow

Illustrated notes

Levels and vault maps discovered:
D:1:      lemuel_arrival_broad_hall, layout_loops_ring, serial_bayou,
          serial_bayou_pond_c, serial_bayou_lagoon_b, serial_bayou_crossing,
          serial_bayou_ford_a
D:2:      layout_basic, palyth_stone_intersect, skrybe_limestone_x, uniq_jessica
D:3:      layout_rooms, ebering_ecumenical_altar_rust
D:4:      layout_gridville, mainiacjoe_overflow_brackets,
          lemuel_coloured_pillars_altar, minmay_temple_entry_purple_smoke,
          serial_shops, shop, hex_tiny, minmay_fire_ice_demons
D:5:      layout_loops_ring, general_overflow_altar,
          nicolae_ru_the_path_less_chosen, uniq_pikel
D:6:      layout_gridville, mainiacjoe_overflow_six_doors_small, serial_shops,
          kennysheep_mini, dk_rats_in_the_wall
D:7:      cheibrodos_helix_gallery, layout_cave_pools, chequers_arboretum,
          kennysheep_boxes, uniq_crazy_yiuf_cottage
D:8:      layout_gridville, david_lair_generic, minmay_misc_feat_doors,
          hangedman_abyss_or_decor_stagger, amcnicky_mini_pool_small,
          uniq_erica, uniq_harold
D:9:      layout_cross, mainiacjoe_overflow_catch_the_wave, zombieorc1_lemuel

Skill      XL: |  1  2  3  4  5  6  7  8  9 10 |
---------------+-------------------------------+-----
Fighting       | 4 5 6 7 |  7.0
Axes           | 4 5 6 7 8 11 14 15 | 15.0
Armour         | |  2.4
Dodging        | |  1.1

Action                   |  1- 3 |  4- 6 |  7- 9 | 10-12 || total
-------------------------+-------+-------+-------+-------++-------
Melee: Hand axe          |    89 |   171 |   419 |   152 ||   831
Throw: Dart              |       |       |     9 |     8 ||    17
 Abil: Hop               |       |     1 |     4 |       ||     5
Evoke: Wand              |       |     3 |    27 |     9 ||    39
  Use: Potion            |       |       |     5 |     2 ||     7
 Stab: Confused          |     1 |       |       |     1 ||     2
       Paralysed         |     1 |       |     7 |     4 ||    12
       Petrifying        |     1 |       |       |       ||     1
       Sleeping          |       |     1 |       |       ||     1
       Invisible         |       |       |     1 |       ||     1
Armor: Leather armour    |    42 |    79 |   104 |       ||   225
       Plate armour      |       |       |    36 |    77 ||   113
       Skin              |       |       |       |     6 ||     6
Dodge: Dodged            |    55 |    84 |   160 |    33 ||   332
